Map: Acropolis LE

Players

doneCampaign - Winner!

  • Race: Terran Terran
  • League: Platinum
  • Spawn Location: 5:00

pHARM

  • Race: Zerg Zerg
  • League: Platinum
  • Spawn Location: 11:00

VOD

Have the link to the VOD?

Description

Time

  • Played on: Sept. 8, 2019, 9:41 p.m.
  • Length: 19:44
Show
View Real Time Build Order
Export as new Build Order

doneCampaign Terran - Winner!

Build Orders: Mech 

Get SALT Encoding   

  12  0:01  SCV  
  13  0:13  SCV  
  14  0:17  Supply Depot  
  14  0:25  SCV  
  15  0:39  SCV  
  15  0:40  Barracks  
  16  0:46  Refinery  
  16  0:51  SCV  
  17  1:03  SCV  
  18  1:15  SCV  
  19  1:28  Orbital Command  
  19  1:30  Marine  
  20  1:45  Command Center  
  20  1:54  SCV  
  21  2:00  Factory  
  21  2:08  SCV  
  21  2:10  Supply Depot  
  22  2:18  Refinery  
  22  2:20  SCV  
  23  2:23  Barracks Tech Lab  
  23  2:32  SCV  
  23  2:36  Bunker  
  24  2:45  SCV  
  25  2:57  SCV, Orbital Command  
  26  2:59  Siege Tank  
  29  3:23  SCV  
  30  3:37  Siege Tank  
  30  3:38  SCV  
  34  3:50  SCV  
  34  3:53  SCV  
  36  3:58  Supply Depot, Engineering Bay  
  36  3:59  Supply Depot  
  36  4:02  SCV  
  37  4:04  Factory  
  37  4:05  SCV  
  37  4:06  Factory  
  38  4:14  SCV  
  39  4:17  SCV  
  39  4:21  Siege Tank  
  43  4:26  SCV  
  43  4:29  SCV  
  45  4:38  SCV  
  45  4:41  Command Center, SCV  
  47  4:47  Armory  
  47  4:50  SCV  
  48  4:54  Missile Turret  
  48  4:58  SCV  
  48  4:59  Factory Reactor x2  
  49  5:03  SCV  
  50  5:13  SCV  
  51  5:15  SCV  
  51  5:21  Missile Turret  
  52  5:25  SCV  
  52  5:26  Siege Tank  
  52  5:28  SCV  
  57  5:29  Missile Turret  
  57  5:31  Refinery  
  57  5:32  Refinery  
  57  5:37  SCV, Hellion x2  
  62  5:47  Supply Depot  
  62  5:48  Supply Depot x2  
  62  5:53  SCV x2  
  64  6:05  SCV  
  64  6:06  Thor  
  64  6:08  Hellion  
  64  6:09  Hellion  
  64  6:10  Orbital Command  
  75  6:16  Supply Depot  
  75  6:21  SCV x2  
  77  6:27  Hellion x2  
  81  6:33  SCV x2  
  81  6:36  Armory, Terran Vehicle Weapons Level 1  
  83  6:45  SCV x2  
  85  6:53  Orbital Command, Thor  
  91  6:55  Hellion x2  
  91  6:57  SCV x2  
  97  7:03  Factory  
  97  7:04  Factory  
  97  7:10  Hellbat  
  97  7:11  Hellbat  
  101  7:16  Hellbat x2  
  105  7:32  Hellbat  
  107  7:39  Hellbat  
  107  7:43  Supply Depot, Thor  
  117  7:44  Hellbat  
  117  7:45  Supply Depot  
  117  7:46  Supply Depot  
  117  8:01  Supply Depot x3  
  117  8:02  Supply Depot x2  
  117  8:04  SCV x3, Hellbat x2  
  124  8:08  Refinery  
  124  8:10  Refinery  
  124  8:12  Terran Vehicle And Ship Armor Level 1  
  124  8:13  Sensor Tower  
  124  8:15  Infernal Pre-Igniter  
  124  8:16  SCV x2  
  124  8:17  Factory Tech Lab x2  
  126  8:24  Orbital Command  
  126  8:28  Factory  
  117  8:51  SCV  
  117  8:54  SCV x2  
  120  9:03  SCV  
  120  9:06  SCV x2  
  123  9:15  SCV  
  124  9:18  SCV x2  
  124  9:23  Thor  
  130  9:25  Thor  
  130  9:26  Thor  
  130  9:28  SCV, Hellbat x3  
  130  9:29  Hellbat  
  130  9:30  Factory Tech Lab, SCV x2  
  145  9:33  Smart Servos  
  145  9:34  Supply Depot  
  121  9:50  SCV  
  121  9:51  SCV  
  102  9:55  Supply Depot  
  102  10:01  Thor  
  102  10:03  Hellbat x4  
  102  10:05  Command Center  
  116  10:14  Thor x3  
  116  10:16  Command Center  
  116  10:23  Missile Turret  
  116  10:25  Thor  
  116  10:26  Thor  
  116  10:27  Command Center, Thor  
  134  10:30  Hellbat  
  136  10:57  Thor  
  136  10:59  Hellbat x4  
  150  11:15  SCV x3  
  150  11:18  Terran Vehicle Weapons Level 2, Terran Vehicle And Ship Armor Level 2  
  153  11:19  Sensor Tower  
  154  11:26  Planetary Fortress  
  154  11:27  SCV x3  
  154  11:31  Thor  
  154  11:32  Thor  
  168  11:34  Hellbat  
  168  11:35  Hellbat x2  
  168  11:38  Thor  
  168  11:39  SCV  
  181  11:41  Missile Turret  
  181  11:42  Hellbat  
  183  11:50  Planetary Fortress  
  183  11:54  Sensor Tower  
  183  12:05  Refinery  
  183  12:08  Refinery, Missile Turret, Thor  
  183  12:10  Hellbat x3  
  195  12:16  Missile Turret  
  195  12:36  Hellbat x2  
  199  12:37  Refinery  
  199  12:47  Refinery  
  199  13:19  Factory  
  199  13:20  Factory  
  199  13:21  Factory  
  199  13:25  Factory, Thor  
  199  13:26  Factory, Thor x2  
  195  13:27  Hellbat x2  
  195  13:28  Hellbat  
  171  13:37  Thor  
  171  13:38  Hellbat  
  179  13:49  Hellbat x2  
  183  13:58  Terran Vehicle And Ship Armor Level 3, Terran Vehicle Weapons Level 3  
  183  14:07  Starport  
  183  14:08  Thor  
  185  14:10  Thor x2  
  185  14:11  Starport, Hellbat  
  185  14:14  Factory Tech Lab x2  
  185  14:15  Factory Reactor  
  193  14:22  Hellbat  
  135  14:34  Thor  
  141  14:51  Fusion Core  
  141  15:00  Orbital Command  
  141  15:02  Command Center  
  141  15:08  Command Center  
  141  15:11  Thor  
  141  15:12  Thor x3  
  141  15:14  Thor, Hellbat  
  173  15:23  Hellbat x2  
  177  15:40  Starport  
  167  15:48  Thor  
  159  15:51  Hellbat  
  159  15:52  Command Center  
  159  15:54  Thor x2  
  155  16:04  Supply Depot  
  149  16:05  Supply Depot  
  149  16:07  Supply Depot, Thor  
  149  16:09  Hellbat  
  157  16:17  Starport  
  143  16:35  Thor x3  
  143  16:36  Hellbat  
  143  16:37  Hellbat  
  164  17:01  Thor x3  
  164  17:02  Hellbat  
  164  17:03  Hellbat  
  186  17:11  Planetary Fortress  
  186  17:32  Thor  
  186  17:33  Hellbat x2  
  182  18:05  Thor x2  
  194  18:06  Hellbat x2  
  194  18:10  SCV  
  194  18:11  SCV  
  200  18:25  Orbital Command  
  180  18:49  Thor x3  
  180  18:52  Starport Tech Lab  
  180  18:53  Starport Tech Lab x2  
  182  18:57  Factory Tech Lab  
  182  19:04  Hellbat  
  190  19:18  Orbital Command  
  190  19:23  SCV x3  
  190  19:24  SCV x2  
Show
View Real Time Build Order
Export as new Build Order

pHARM Zerg 

Build Orders: Hatch First 

Get SALT Encoding   

  12  0:01  Drone  
  13  0:13  Overlord  
  13  0:18  Drone  
  14  0:36  Drone x3  
  17  0:55  Hatchery  
  16  0:59  Drone  
  16  1:01  Drone  
  18  1:15  Spawning Pool  
  18  1:18  Drone  
  18  1:21  Drone  
  19  1:32  Drone  
  20  1:38  Extractor  
  19  1:44  Drone  
  20  1:54  Overlord  
  20  2:03  Queen  
  22  2:09  Queen  
  22  2:12  Drone x2  
  22  2:14  Zergling x2  
  27  2:19  Zergling x2  
  28  2:35  Drone x3  
  31  2:45  Drone x2  
  31  2:48  Metabolic Boost  
  33  2:51  Overlord  
  32  3:21  Drone x7  
  32  3:23  Queen  
  40  3:42  Extractor  
  40  3:43  Pneumatized Carapace, Extractor  
  40  3:46  Drone  
  40  3:47  Drone x4  
  43  3:56  Baneling Nest  
  42  4:07  Evolution Chamber  
  41  4:13  Evolution Chamber  
  41  4:16  Drone x4  
  44  4:18  Overlord x3  
  44  4:29  Overlord x2  
  44  4:33  Zerg Melee Weapons Level 1  
  44  4:38  Lair  
  44  4:48  Drone x3  
  47  4:53  Zerg Ground Armor Level 1  
  47  4:55  Zergling x12  
  53  5:05  Drone  
  54  5:30  Roach Warren  
  54  5:34  Overlord x2  
  53  5:47  Zergling x4  
  53  5:48  Zergling x8  
  53  5:49  Hatchery  
  58  5:57  Hatchery  
  58  5:58  Drone  
  58  5:59  Drone  
  58  6:02  Drone  
  58  6:03  Extractor  
  59  6:12  Roach x5  
  69  6:48  Drone x6  
  69  6:49  Drone x5  
  80  7:10  Roach  
  80  7:11  Roach x3  
  88  7:16  Zerg Melee Weapons Level 2, Zerg Ground Armor Level 2  
  88  7:27  Infestation Pit  
  87  7:30  Drone x4  
  91  8:05  Hive  
  91  8:06  Centrifical Hooks  
  91  8:09  Drone x5  
  96  8:13  Baneling  
  96  8:14  Baneling x23  
  96  8:18  Overlord x5  
  76  8:51  Roach x16  
  106  9:00  Burrow, Extractor  
  106  9:02  Roach  
  105  9:06  Roach  
  105  9:07  Roach x4  
  113  9:18  Zergling x8  
  119  9:31  Roach x4  
  119  9:36  Roach x2  
  119  9:37  Roach  
  116  9:41  Roach  
  116  9:45  Roach  
  96  10:06  Queen x2  
  96  10:07  Queen  
  98  10:08  Overlord x3  
  98  10:10  Hatchery  
  98  10:11  Zerg Ground Armor Level 3, Zerg Melee Weapons Level 3  
  101  10:27  Adrenal Glands  
  101  10:30  Ultralisk Cavern  
  101  10:33  Extractor  
  99  10:50  Drone x2  
  99  10:51  Drone x11  
  99  10:52  Drone  
  113  11:15  Extractor  
  113  11:16  Extractor  
  111  11:20  Ultralisk x4  
  135  11:51  Ultralisk x3  
  135  11:52  Overlord x5  
  135  11:53  Overlord x5  
  153  11:54  Zergling x8  
  153  11:56  Overlord x3  
  153  11:57  Overlord x2  
  157  12:02  Chitinous Plating  
  157  12:05  Glial Reconstitution  
  157  12:22  Evolution Chamber  
  156  12:43  Zergling x2  
  156  12:44  Zergling x48, Hatchery  
  180  12:54  Spire  
  179  13:16  Zerg Missile Weapons Level 1  
  179  13:26  Zergling x2  
  135  13:27  Zergling x26  
  135  13:28  Zergling x20  
  135  13:31  Roach  
  135  13:32  Roach x2  
  127  13:48  Baneling x17  
  127  13:49  Baneling x17  
  127  13:52  Zergling x24  
  139  14:09  Greater Spire  
  108  14:31  Ultralisk x8  
  152  14:32  Zergling x2  
  152  14:33  Zergling x20  
  160  15:10  Drone x4  
  160  15:12  Overlord x4  
  160  15:13  Overlord x4  
  164  15:24  Zerg Flyer Armor Level 1  
  129  15:51  Zergling x2, Hatchery  
  129  15:52  Zergling x46  
  129  15:53  Zergling x14  
  127  16:00  Zergling x2  
  100  16:30  Ultralisk x5  
  100  16:31  Zergling x10  
  100  16:32  Zergling x2, Extractor  
  117  16:36  Extractor  
  113  16:45  Ultralisk  
  113  16:46  Zergling x2  
  120  16:47  Zergling x12  
  126  16:57  Overseer x2  
  126  16:58  Overseer x2  
  126  17:22  Ultralisk x4  
  150  17:23  Zergling x4  
  150  17:24  Zergling x2  
  135  17:56  Zergling x8  
  135  17:57  Zergling x48  
  135  17:58  Zergling x2  
  159  18:08  Drone x9  
  167  18:45  Zergling x2  
  167  18:46  Zergling x26  
  167  18:47  Zergling x22  
  140  19:12  Baneling x10  
  140  19:13  Baneling x2  
  140  19:14  Baneling x2  
  140  19:15  Baneling x2  
  140  19:16  Baneling x3  
  140  19:17  Baneling x2  
  140  19:18  Baneling x2  
  140  19:19  Baneling x2  
Tags
 
Composition
Mech
Matchup
TvZ
Replay Pack
10.7.19
Spawn Locations
Cross Positions
Add a new tag
Caveats
  • Supply blocks, unpowered buildings, or Contaminate may cause inaccurate times.
  • Supply counts are checked every 10 seconds.